 Dungeon Crawl Stone Soup version 0.26.0-10-g1f06aea511 (webtiles) character file.

Game seed: 11119913214555377895

58 Frank the Skirmisher (level 4, -14/31 HPs)
             Began as an Octopode Fighter on Jan 17, 2021.
             Demolished by Sigmund
             ... wielding a +0 scythe
              (15 damage)
             ... on level 2 of the Dungeon on Jan 18, 2021.
             The game lasted 00:01:44 (987 turns).

Frank the Skirmisher (Octopode Fighter)              Turns: 987, Time: 00:01:44

Health: -14/31     AC:  1    Str: 15    XL:     4   Next: 1%
Magic:  4/4        EV: 12    Int: 10    God:
Gold:   106        SH:  9    Dex: 12    Spells: 3/3 levels left

rFire    . . .     SeeInvis .   a - +0 flail
rCold    . . .     Faith    .   b - +0 kite shield
rNeg     . . .     Spirit   .   (helmet restricted)
rPois    .         Reflect  .   (no amulet)
rElec    .         Harm     .   (no ring)
rCorr    .         Rampage  .   (no ring)
Will     .....                  (no ring)
Stlth    ++........             (no ring)
HPRegen  0.10/turn              (no ring)
MPRegen  0.09/turn              (no ring)
                                (no ring)
                                (no ring)

@: mighty
A: almost no armour, stealthy swim, amphibious, 8 rings, constrict 8, camouflage
1, gelatinous body 1
a: no special abilities


You were on level 2 of the Dungeon.
You visited 1 branch of the dungeon, and saw 2 of its levels.

You collected 106 gold pieces.

Inventory:

Hand Weapons
 a - a +0 flail (weapon)
Armour
 b - a +0 kite shield (worn)
Jewellery
 e - an uncursed ring of magical power {unknown}
Scrolls
 d - a scroll of fog


   Skills:
 + Level 3.5 Fighting
 + Level 2.9 Maces & Flails
 + Level 3.4 Dodging
 + Level 3.4 Shields


You had 3 spell levels left.
You didn't know any spells.
Your spell library was empty.

Dungeon Overview and Level Annotations

Branches:
Dungeon (2/15)

Altars:

Annotations:
D:2 Sigmund


Innate Abilities, Weirdness & Mutations

You cannot wear most types of armour.
You are very stealthy in the water. (Stealth+)
You are amphibious.
You can wear up to eight rings at the same time.
You can use your tentacles to constrict eight enemies at once.
Your skin changes colour to match your surroundings (Stealth+).
Your rubbery body absorbs attacks. (AC +1, EV +1)


Message History

No target in view!
No target in view!
There is a strange disturbance nearby!
You closely miss something. Something hits you!
You miss something. You squeeze something!
You hear some strange, mumbled words.
Something tries to affect you, but you resist.
You hit something. Something hits you but does no damage.
You miss something. Something hits you.
You hit something. Something hits you!
It was a potion of heal wounds.
You feel much better. Something hits you!
You feel very mighty all of a sudden.
You miss something. Something hits you.
You closely miss something. Something hits you.
You closely miss something. Something hits you.
* * * LOW HITPOINT WARNING * * *
You hit something. Something hits you.
* * * LOW HITPOINT WARNING * * *
You miss something. Something hits you!
You die...

#.. ... #.# #.# #
#.# .. #.#
#.####.### #.#
##......... #.#
#..@{..<# #. #.#
#.#####.# #.# #.#
#)# #.# #.# #.# #.#
#.# #.# #.###.# #.#
#.##..######.#####.
#.##.#.............#
#.(....#####.#######


There were no monsters in sight!

Vanquished Creatures
  Terence (D:2)
  An ooze (D:1)
  4 dart slugs (D:1)
  2 giant cockroaches (D:1)
  A goblin (D:1)
  4 hobgoblins
  2 jackals (D:1)
  2 bats (D:1)
  A frilled lizard (D:1)
  4 kobolds
  A rat (D:2)
23 creatures vanquished.

Notes
Turn   | Place    | Note
-------+----------+-------------------------------------------
     0 | D:1      | Frank the Octopode Fighter began the quest for the Orb.
     0 | D:1      | Reached XP level 1. HP: 16/16 MP: 1/1
   133 | D:1      | Reached XP level 2. HP: 18/21 MP: 2/2
   400 | D:1      | Reached XP level 3. HP: 26/26 MP: 3/3
   843 | D:2      | Noticed Terence
   854 | D:2      | Killed Terence
   971 | D:2      | Reached XP level 4. HP: 31/31 MP: 4/4
   972 | D:2      | Noticed Sigmund
   986 | D:2      | HP: 1/31 [something (6)]
   987 | D:2      | Demolished by Sigmund

Illustrated notes

Levels and vault maps discovered:
D:1:      scummos_arrival_forest, layout_basic
D:2:      cheibrodos_greedy_goblins, layout_loops_ring, led_sif_pool,
          tgw_kikubaaqudgha, uniq_sigmund, uniq_terence

Action                   |  1- 3 |  4- 6 || total
-------------------------+-------+-------++-------
Melee: Flail             |    38 |    11 ||    49
       Tentacles         |     6 |     1 ||     7
       Constrict         |    12 |       ||    12
  Use: Scroll            |     3 |       ||     3
       Potion            |       |     2 ||     2
 Stab: Sleeping          |     5 |     1 ||     6
Armor: Skin              |     5 |       ||     5
Dodge: Dodged            |    16 |       ||    16
Block: Kite shield       |    18 |       ||    18
